[ AOE2 MATCH · #504662623 ]
UnrankedSlavs vs Khmer
Player's team · WIN
Rival team · LOSS
[ REPLAY ANALYSIS · EXTRACTED FROM THE RECORDED GAME ]
Feudal
10:30
Castle
21:23
Imperial
33:32
| APM avg | 48.4 |
| APM peak | 124 |
| eAPM avg | 24.6 |
| Villagers / military | 146 / 267 |
Focus
⚔️ 42.9% · 🌾 57.1%
Militia ×172 · Boyar ×60 · Mangonel ×27 · Trebuchet (Packed) ×5 · Monk ×3
Feudal
12:39
Castle
16:15
Imperial
36:45
| APM avg | 49.1 |
| APM peak | 128 |
| eAPM avg | 28.7 |
| Villagers / military | 214 / 397 |
Focus
⚔️ 44.6% · 🌾 55.4%
Spearman ×196 · Scout Cavalry ×94 · Hand Cannoneer ×62 · Knight ×31 · Trebuchet (Packed) ×5 · Monk ×3
Match map
Initial resources + every placement click. Lines = walls · curves = elevation contours. ◆ gold · ⬟ stone · ● berries · ✦ relic · ◌ wall gap
Your base· Open — unwalled flank
Soloarqueros's base· Open — unwalled flank
Smoothed initial terrain · ◌ = detected wall gap · hover for details
Inputs per minute
— BOT jose - - Soloarqueros
Build order — BOT jose
First 150 of 437 actions detected
| 0:00 | Queue | Villager (Male) |
| 0:00 | Queue | Villager (Male) |
| 0:02 | Build | House |
| 0:03 | Build | House |
| 0:23 | Queue | Villager (Male) ×2 |
| 1:25 | Queue | Villager (Male) |
| 1:55 | Build | Lumber Camp |
| 1:56 | Queue | Villager (Male) |
| 1:57 | Queue | Villager (Male) |
| 2:12 | Queue | Villager (Male) |
| 2:57 | Queue | Villager (Male) |
| 3:07 | Queue | Villager (Male) |
| 3:37 | Queue | Villager (Male) |
| 3:37 | Queue | Villager (Male) |
| 3:50 | Build | House |
| 3:59 | Queue | Villager (Male) |
| 4:00 | Queue | Villager (Male) |
| 4:32 | Queue | Villager (Male) |
| 4:32 | Queue | Villager (Male) |
| 5:04 | Research | Loom |
| 5:04 | Research | Loom |
| 5:06 | Queue | Villager (Male) |
| 5:24 | Queue | Villager (Male) |
| 5:25 | Queue | Villager (Male) |
| 5:26 | Build | House |
| 5:41 | Queue | Villager (Male) |
| 5:41 | Queue | Villager (Male) |
| 5:50 | Build | Barracks |
| 6:13 | Queue | Villager (Male) |
| 6:24 | Queue | Villager (Male) |
| 6:38 | Queue | Villager (Male) |
| 7:23 | Build | Mill |
| 7:35 | Build | Mill |
| 7:40 | Build | Mill |
| 8:20 | Research | Feudal Age |
| 8:20 | Research | Feudal Age |
| 8:52 | Queue | Militia |
| 8:53 | Queue | Militia |
| 8:53 | Queue | Militia |
| 8:58 | Queue | Militia |
| 9:44 | Queue | Villager (Male) |
| 9:58 | Queue | Villager (Male) |
| 10:25 | Queue | Villager (Male) |
| 10:30 | Age | Feudal Age |
| 10:47 | Build | Watch Tower |
| 11:02 | Queue | Villager (Male) |
| 11:03 | Build | House |
| 11:11 | Build | Stable |
| 11:14 | Build | House |
| 11:15 | Queue | Villager (Male) |
| 12:06 | Queue | Villager (Male) |
| 12:09 | Build | Mining Camp |
| 12:13 | Build | Market |
| 12:39 | Queue | Villager (Male) |
| 12:41 | Build | Farm |
| 12:42 | Build | Farm |
| 12:43 | Build | Farm |
| 12:54 | Build | Palisade Wall |
| 13:01 | Queue | Villager (Male) |
| 13:10 | Build | House |
| 13:13 | Build | Blacksmith |
| 13:17 | Build | Farm |
| 13:42 | Research | Man-at-Arms (upgrade) |
| 13:42 | Research | Man-at-Arms (upgrade) |
| 13:47 | Build | Farm |
| 13:56 | Queue | Villager (Male) |
| 13:56 | Queue | Villager (Male) |
| 14:11 | Build | Watch Tower |
| 14:15 | Queue | Villager (Male) |
| 14:27 | Build | Farm |
| 14:38 | Queue | Villager (Male) |
| 14:49 | Queue | Villager (Male) |
| 14:52 | Build | Palisade Wall |
| 14:53 | Build | Palisade Wall |
| 15:00 | Build | Farm |
| 15:02 | Build | Farm |
| 15:04 | Build | Farm |
| 15:13 | Research | Double-Bit Axe |
| 15:15 | Queue | Villager (Male) |
| 15:52 | Build | Watch Tower |
| 15:57 | Queue | Villager (Male) |
| 16:04 | Research | Horse Collar |
| 16:04 | Queue | Villager (Male) |
| 16:27 | Queue | Villager (Male) |
| 16:52 | Queue | Villager (Male) |
| 17:03 | Build | Farm |
| 17:06 | Build | Farm |
| 17:19 | Build | Farm |
| 17:26 | Build | House |
| 17:28 | Build | House |
| 17:31 | Queue | Villager (Male) |
| 18:43 | Research | Castle Age |
| 18:43 | Research | Castle Age |
| 19:47 | Build | Palisade Wall |
| 20:03 | Research | Stone Mining |
| 20:03 | Research | Stone Mining |
| 20:03 | Research | Stone Mining |
| 20:40 | Queue | Villager (Male) |
| 20:43 | Research | Wheelbarrow |
| 20:43 | Research | Wheelbarrow |
| 20:46 | Queue | Villager (Male) |
| 21:03 | Build | Farm |
| 21:05 | Build | Farm |
| 21:06 | Build | Farm |
| 21:23 | Age | Castle Age |
| 21:32 | Research | Bow Saw |
| 21:32 | Research | Bow Saw |
| 21:38 | Build | Town Center |
| 21:56 | Build | Monastery |
| 22:00 | Queue | Villager (Male) |
| 22:27 | Queue | Villager (Male) |
| 22:47 | Queue | Villager (Male) |
| 22:47 | Queue | Villager (Male) |
| 22:55 | Queue | Monk |
| 23:03 | Queue | Villager (Male) |
| 23:03 | Queue | Villager (Male) |
| 23:13 | Build | Siege Workshop |
| 23:15 | Build | House |
| 23:16 | Build | Palisade Wall |
| 23:20 | Queue | Villager (Male) |
| 23:24 | Build | Castle |
| 23:29 | Queue | Villager (Male) |
| 23:30 | Queue | Villager (Male) |
| 23:38 | Queue | Villager (Male) |
| 23:38 | Queue | Villager (Male) |
| 23:59 | Queue | Villager (Male) |
| 24:00 | Queue | Villager (Male) |
| 24:04 | Queue | Villager (Male) |
| 24:08 | Build | Farm |
| 24:09 | Build | Farm |
| 24:09 | Build | Farm |
| 24:09 | Build | Farm |
| 24:17 | Research | Heavy Plow |
| 24:17 | Research | Heavy Plow |
| 24:20 | Queue | Villager (Male) |
| 24:35 | Build | Farm |
| 24:42 | Queue | Villager (Male) |
| 24:46 | Build | Farm |
| 25:10 | Queue | Villager (Male) |
| 25:44 | Queue | Villager (Male) |
| 25:44 | Queue | Villager (Male) |
| 25:54 | Queue | Villager (Male) |
| 25:57 | Queue | Villager (Male) |
| 26:00 | Build | Farm |
| 26:05 | Build | Farm |
| 26:09 | Build | Farm |
| 26:11 | Build | Farm |
| 26:15 | Queue | Villager (Male) |
| 26:21 | Queue | Mangonel |
| 26:33 | Research | Gold Mining |
Build order — Soloarqueros
First 150 of 915 actions detected
| 0:00 | Queue | Villager (Male) |
| 0:00 | Queue | Villager (Male) |
| 0:01 | Queue | Villager (Male) |
| 0:01 | Queue | Villager (Male) |
| 0:02 | Build | House |
| 0:03 | Build | House |
| 1:30 | Queue | Villager (Male) |
| 1:56 | Queue | Villager (Male) |
| 2:22 | Build | House |
| 2:55 | Queue | Villager (Male) |
| 3:03 | Build | Lumber Camp |
| 3:07 | Queue | Villager (Male) |
| 3:16 | Research | Loom |
| 3:27 | Queue | Villager (Male) |
| 3:43 | Queue | Villager (Male) |
| 4:14 | Queue | Villager (Male) |
| 4:59 | Queue | Villager (Male) |
| 5:04 | Build | Mill |
| 5:12 | Queue | Villager (Male) |
| 5:28 | Queue | Villager (Male) |
| 5:58 | Build | House |
| 6:01 | Build | Palisade Wall |
| 6:04 | Queue | Villager (Male) |
| 6:21 | Queue | Villager (Male) |
| 7:02 | Queue | Villager (Male) |
| 7:08 | Build | Mill |
| 7:21 | Build | Mill |
| 7:23 | Queue | Villager (Male) |
| 7:33 | Build | Palisade Wall |
| 7:34 | Queue | Villager (Male) |
| 7:36 | Build | Palisade Wall |
| 8:01 | Build | House |
| 8:06 | Build | Palisade Wall |
| 8:07 | Build | Palisade Wall |
| 8:09 | Queue | Villager (Male) |
| 8:09 | Queue | Villager (Male) |
| 8:43 | Queue | Villager (Male) |
| 8:48 | Queue | Villager (Male) |
| 9:22 | Build | Mining Camp |
| 9:33 | Build | Palisade Wall |
| 9:34 | Build | Palisade Wall |
| 9:35 | Build | Palisade Wall |
| 9:36 | Build | Palisade Wall |
| 9:36 | Build | Palisade Wall |
| 9:39 | Build | Palisade Wall |
| 9:40 | Build | Palisade Wall |
| 9:41 | Build | Palisade Wall |
| 9:42 | Build | Palisade Wall |
| 9:42 | Build | Palisade Wall |
| 10:15 | Build | Farm |
| 10:29 | Research | Feudal Age |
| 10:42 | Build | Palisade Wall |
| 11:02 | Build | Palisade Gate |
| 11:34 | Build | House |
| 11:35 | Build | Palisade Wall |
| 11:42 | Build | Farm |
| 11:46 | Build | Palisade Wall |
| 11:48 | Build | Palisade Wall |
| 11:57 | Build | House |
| 12:13 | Build | Farm |
| 12:39 | Age | Feudal Age |
| 12:46 | Research | Town Watch |
| 12:54 | Build | Farm |
| 13:03 | Build | Farm |
| 13:11 | Build | Farm |
| 13:26 | Build | Farm |
| 13:35 | Research | Castle Age |
| 13:40 | Build | Stone Wall |
| 14:20 | Research | Double-Bit Axe |
| 14:34 | Build | House |
| 14:40 | Build | House |
| 14:45 | Build | Stone Wall |
| 14:56 | Build | House |
| 15:20 | Research | Town Watch |
| 15:50 | Build | Mining Camp |
| 15:56 | Queue | Villager (Male) |
| 16:04 | Build | House |
| 16:08 | Build | Stone Wall |
| 16:15 | Age | Castle Age |
| 16:18 | Queue | Villager (Male) |
| 16:24 | Research | Horse Collar |
| 16:30 | Build | Town Center |
| 16:38 | Build | Siege Workshop |
| 16:45 | Build | Siege Workshop |
| 17:03 | Build | Gate |
| 17:04 | Queue | Villager (Male) |
| 17:13 | Queue | Scorpion |
| 17:16 | Queue | Villager (Male) |
| 17:19 | Build | House |
| 17:22 | Queue | Villager (Male) |
| 17:26 | Queue | Scorpion |
| 17:55 | Queue | Scorpion |
| 18:04 | Queue | Villager (Male) |
| 18:05 | Build | Farm |
| 18:13 | Queue | Villager (Male) |
| 18:33 | Queue | Villager (Male) |
| 18:53 | Build | Farm |
| 18:54 | Build | Farm |
| 18:55 | Queue | Villager (Male) |
| 19:09 | Build | Farm |
| 19:14 | Queue | Villager (Male) |
| 19:27 | Queue | Mangonel |
| 19:37 | Build | Mining Camp |
| 19:39 | Queue | Villager (Male) |
| 19:51 | Queue | Villager (Male) |
| 20:02 | Build | Farm |
| 20:03 | Queue | Villager (Male) |
| 20:14 | Build | Farm |
| 20:15 | Queue | Villager (Male) |
| 20:32 | Queue | Villager (Male) |
| 20:43 | Queue | Villager (Male) |
| 20:52 | Build | Farm |
| 20:55 | Build | Farm |
| 20:56 | Queue | Villager (Male) |
| 21:06 | Build | Farm |
| 21:10 | Queue | Villager (Male) |
| 21:22 | Queue | Villager (Male) |
| 21:33 | Queue | Villager (Male) |
| 21:46 | Queue | Villager (Male) |
| 21:51 | Build | House |
| 21:53 | Build | Farm |
| 21:53 | Build | Farm |
| 21:59 | Build | Gate |
| 22:02 | Build | House |
| 22:03 | Queue | Villager (Male) |
| 22:08 | Queue | Villager (Male) |
| 22:20 | Build | House |
| 22:21 | Build | House |
| 22:24 | Queue | Villager (Male) |
| 22:29 | Queue | Villager (Male) |
| 22:48 | Queue | Villager (Male) |
| 22:55 | Queue | Villager (Male) |
| 23:18 | Build | Monastery |
| 23:19 | Queue | Villager (Male) |
| 23:27 | Research | Town Watch |
| 23:37 | Queue | Villager (Male) |
| 23:39 | Queue | Villager (Male) |
| 23:50 | Research | Bow Saw |
| 24:06 | Build | Castle |
| 24:07 | Queue | Monk |
| 24:10 | Queue | Villager (Male) |
| 24:11 | Build | Farm |
| 24:13 | Build | Farm |
| 24:20 | Build | Palisade Wall |
| 24:23 | Build | House |
| 24:29 | Build | Farm |
| 24:31 | Build | Farm |
| 24:31 | Queue | Villager (Male) |
| 24:34 | Build | Farm |
| 24:35 | Queue | Villager (Male) |
Match timeline
| 5:50 | BOT jose · first_building Barracks |
| 6:01 | Soloarqueros · wall_segment Palisade Wall x7 |
| 7:33 | Soloarqueros · wall_segment Palisade Wall x4 |
| 7:36 | Soloarqueros · wall_segment Palisade Wall x7 |
| 8:06 | Soloarqueros · wall_segment Palisade Wall x2 |
| 8:07 | Soloarqueros · wall_segment Palisade Wall x3 |
| 9:33 | Soloarqueros · wall_segment Palisade Wall x1 |
| 9:34 | Soloarqueros · wall_segment Palisade Wall x1 |
| 9:35 | Soloarqueros · wall_segment Palisade Wall x1 |
| 9:36 | Soloarqueros · wall_segment Palisade Wall x1 |
| 9:36 | Soloarqueros · wall_segment Palisade Wall x1 |
| 9:39 | Soloarqueros · wall_segment Palisade Wall x1 |
| 9:40 | Soloarqueros · wall_segment Palisade Wall x1 |
| 9:41 | Soloarqueros · wall_segment Palisade Wall x1 |
| 9:42 | Soloarqueros · wall_segment Palisade Wall x1 |
| 9:42 | Soloarqueros · wall_segment Palisade Wall x1 |
| 10:30 | BOT jose · age_up feudal |
| 10:42 | Soloarqueros · wall_segment Palisade Wall x5 |
| 11:11 | BOT jose · first_building Stable |
| 11:35 | Soloarqueros · wall_segment Palisade Wall x1 |
| 11:46 | Soloarqueros · wall_segment Palisade Wall x1 |
| 11:48 | Soloarqueros · wall_segment Palisade Wall x1 |
| 12:39 | Soloarqueros · age_up feudal |
| 12:54 | BOT jose · wall_segment Palisade Wall x6 |
| 13:40 | Soloarqueros · wall_segment Stone Wall x4 |
| 14:45 | Soloarqueros · wall_segment Stone Wall x6 |
| 14:52 | BOT jose · wall_segment Palisade Wall x1 |
| 14:53 | BOT jose · wall_segment Palisade Wall x4 |
| 16:08 | Soloarqueros · wall_segment Stone Wall x1 |
| 16:15 | Soloarqueros · age_up castle |
| 16:38 | Soloarqueros · first_building Siege Workshop |
| 17:40 | BOT jose · first_market_sell 100 stone |
| 17:41 | BOT jose · first_market_buy 100 food |
| 19:47 | BOT jose · wall_segment Palisade Wall x1 |
| 21:23 | BOT jose · age_up castle |
| 21:56 | BOT jose · first_building Monastery |
| 23:13 | BOT jose · first_building Siege Workshop |
| 23:16 | BOT jose · wall_segment Palisade Wall x1 |
| 23:18 | Soloarqueros · first_building Monastery |
| 23:24 | BOT jose · first_building Castle |
| 24:06 | Soloarqueros · first_building Castle |
| 24:20 | Soloarqueros · wall_segment Palisade Wall x1 |
| 26:38 | Soloarqueros · first_market_buy 100 wood |
| 27:53 | Soloarqueros · first_building Barracks |
| 33:32 | BOT jose · age_up imperial |
| 35:03 | Soloarqueros · wall_segment Stone Wall x21 |
| 35:31 | Soloarqueros · first_building Stable |
| 36:45 | Soloarqueros · age_up imperial |
| 41:40 | Soloarqueros · first_building Archery Range |
| 43:26 | BOT jose · wall_segment Palisade Wall x1 |
| 47:07 | Soloarqueros · wall_segment Stone Wall x1 |
| 47:54 | Soloarqueros · wall_segment Stone Wall x1 |
| 50:59 | Soloarqueros · first_market_sell 100 wood |
| 55:40 | BOT jose · wall_segment Palisade Wall x1 |
| 56:25 | Soloarqueros · resign |
[ AI ANALYSIS · 1 CREDIT ]
What really happened in this match?
Wolo.gg analyzes every decision: build order, eco, micro, common mistakes by bracket. Personalized analysis on WhatsApp or Discord in 30 seconds.
Civ guide
Slavs
Perfil
Jugador #16231506